 Dungeon Crawl Stone Soup version 0.24-a0-274-gb3763e6 (webtiles) character file.

Game seed: 14091975532716256200

809 Goblin the Gusty (level 7, 0/50 HPs)
             Began as a Green Draconian Air Elementalist on Apr 26, 2019.
             Was a Believer of Sif Muna.
             Slain by a hell rat (8 damage)
             ... on level 5 of the Dungeon.
             The game lasted 00:19:00 (6643 turns).

Goblin the Gusty (Green Draconian Air Elementalist) Turns: 6643, Time: 00:19:01

Health: 0/50       AC:  6    Str: 10    XL:     7   Next: 61%
Magic:  13/13      EV: 11    Int: 17    God:    Sif Muna [**....]
Gold:   283        SH:  6    Dex: 12    Spells: 8/15 levels left

rFire    . . .     SeeInvis .   v - +1 dagger (pain)
rCold    . . .     Gourm    .   h - +2 buckler
rNeg     . . .     Faith    .   (armour unavailable)
rPois    +         Spirit   .   (helmet restricted)
rElec    .         Reflect  .   (no cloak)
rCorr    .         Harm     .   (no gloves)
MR       .....                  (no boots)
Stlth    ++........             q - amulet of regeneration
HPRegen  0.56/turn              (no ring)
MPRegen  0.13/turn              (no ring)

@: drained, divine energy
A: breathe noxious fumes, unfitting armour, poison resistance, cold-blooded, AC
+6
a: Breathe Noxious Fumes, Stop Divine Energy, Renounce Religion


You were on level 5 of the Dungeon.
You worshipped Sif Muna.
Sif Muna was pleased with you.
You were not hungry.

You visited 1 branch of the dungeon, and saw 6 of its levels.

You collected 283 gold pieces.

Inventory:

Hand Weapons
 f - a +0 dagger
 i - a +0 blowgun
 v - a +1 dagger of pain (weapon)
Missiles
 m - 3 throwing nets (quivered)
 r - 6 curare-tipped needles
Armour
 h - a +2 buckler (worn)
Jewellery
 q - an amulet of regeneration (around neck)
Scrolls
 c - 2 scrolls of blinking {unknown}
 e - a scroll of teleportation {unknown}
 j - a scroll of amnesia {unknown}
 k - 3 scrolls of identify {unknown}
 n - a scroll of immolation {unknown}
 w - 2 scrolls of enchant weapon {unknown}
 x - a scroll of magic mapping {unknown}
 y - a scroll of remove curse {unknown}
Potions
 a - 2 potions of flight {unknown}
 d - 4 potions of curing {unknown}
 g - a potion of magic {unknown}
 l - a potion of heal wounds {unknown}
 o - a potion of invisibility {unknown}
 p - a potion of might {unknown}
 s - a potion of brilliance {unknown}
 t - a potion of mutation {unknown}
 u - 2 potions of degeneration {unknown}
Comestibles
 b - 11 rations


   Skills:
 - Level 1.7(1.0) Dodging
 - Level 1.7(1.0) Stealth
 * Level 3.1(2.4) Shields
 + Level 4.5(3.8) Spellcasting
 + Level 3.8(3.0) Conjurations
 - Level 1.5(0.8) Charms
 + Level 5.4(4.7) Air Magic


You had 8 spell levels left.
You knew the following spells:

 Your Spells              Type           Power        Failure   Level  Hunger
a - Shock                 Conj/Air       ###.         4%          1    None
b - Swiftness             Chrm/Air       ##......     10%         2    ##.....
c - Airstrike             Air            ###.......   28%         4    ####...

Your spell library contained the following spells:

 Spells                   Type           Power        Failure   Level  Hunger
 Static Discharge         Conj/Air       ###.....     12%         3    ###....
 Lightning Bolt           Conj/Air       ###.......   73%         5    ######.


Dungeon Overview and Level Annotations

Branches:
Dungeon (6/15)             Temple (0/1) D:4

Altars:
Dithmenos
Fedhas
Hepliaklqana
Okawaru
Qazlal
Sif Muna
Vehumet
Wu Jian
Zin

Annotations:
D:4 exclusion: downstairs
D:5 Blork the orc


Innate Abilities, Weirdness & Mutations

You can breathe blasts of noxious fumes.
Your lurid green scales are hard. (AC +6)
You cannot fit into any form of body armour.
Your system is resistant to poisons. (rPois)
You are cold-blooded and may be slowed by cold attacks.


Message History

The hell rat appears confused.
You block the hell rat's attack.
You hit the hell rat but do no damage.
The hell rat is heavily wounded.
The hell rat is engulfed in noxious fumes.
The hell rat appears confused.
The hell rat bites you!
* * * LOW HITPOINT WARNING * * *
You feel drained.
* * * LOW HITPOINT WARNING * * *
You hit the hell rat but do no damage.
You tail-slap the hell rat, but do no damage.
The hell rat is heavily wounded.
The hell rat closely misses you.
The river rat is engulfed in noxious fumes.
The river rat appears confused.
You strike the helpless hell rat from behind!
You hit the hell rat.
The hell rat is severely wounded.
You have got your breath back.
The hell rat bites you!
You die...

#.# #rr#†#..# ##.## #.##
#..#†.#..#######..#
##.#.r†r#..#...........##
#.##r.rr#.†#..########..#
##.#..r###.#..# ##..
####### #.##[. ##○#.##
##. #.....####÷### #r####
## #........##.####r# #
#.........##.##@##
#..........#.#.##
#..........##.#.#
#...........#####
#.............#
##...........##
##........#.#
###.......## ##......#


You could see a hell rat (confused) and a river rat (confused).

Vanquished Creatures
  A sky beast (D:5)
  A bullfrog (D:5)
  A crimson imp (D:5)
  A hound (D:4)
  An orc priest (D:5)
  A bullfrog skeleton (D:5)
  A centaur skeleton (D:4)
  3 orc wizards
  An iguana (D:5)
  2 worker ants
  8 adders
  11 gnolls
  2 howler monkey skeletons
  A river rat (D:5)
  An ooze (D:1)
  An adder zombie (D:5)
  An adder skeleton (D:4)
  3 worms
  4 dart slugs (D:1)
  3 leopard geckos
  6 orcs
  9 bats
  9 giant cockroaches
  9 goblins
  9 hobgoblins
  8 jackals
  4 quokkas
  A ball python skeleton (D:4)
  6 frilled lizards
  7 kobolds
  A leopard gecko skeleton (D:5)
  20 rats
137 creatures vanquished.

Notes
Turn   | Place    | Note
-------+----------+-------------------------------------------
     0 | D:1      | Goblin the Draconian Air Elementalist began the quest for
                  | the Orb.
     0 | D:1      | Reached XP level 1. HP: 14/14 MP: 3/3
   284 | D:1      | Reached XP level 2. HP: 17/20 MP: 3/5
   518 | D:1      | Learned a level 2 spell: Swiftness
   849 | D:1      | Reached XP level 3. HP: 26/26 MP: 3/6
  1083 | D:1      | You fall through a shaft!
  1560 | D:2      | Reached skill level 4 in Air Magic
  1664 | D:2      | Found a blossoming altar of Fedhas.
  1879 | D:1      | Reached XP level 4. HP: 33/33 MP: 0/7
  1957 | D:1      | Reached skill level 1 in Charms
  2301 | D:2      | Reached skill level 1 in Shields
  2644 | D:2      | Found a deep blue altar of Sif Muna.
  2652 | D:2      | Became a worshipper of Sif Muna the Loreminder
  2797 | D:3      | Reached XP level 5. HP: 38/38 MP: 6/9
  3084 | D:3      | Found a shadowy altar of Dithmenos.
  3596 | D:3      | Found a hazy altar of Hepliaklqana.
  4017 | D:4      | Learned a level 4 spell: Airstrike
  4522 | D:4      | Reached XP level 6. HP: 45/45 MP: 4/11
  4522 | D:4      | Reached * piety under Sif Muna
  4719 | D:4      | Found a stormy altar of Qazlal.
  4786 | D:4      | Found a staircase to the Ecumenical Temple.
  4943 | D:4      | Found a glowing silver altar of Zin.
  5190 | D:5      | Entered Level 5 of the Dungeon
  5257 | D:5      | Noticed Blork the orc
  5311 | D:5      | Reached skill level 5 in Air Magic
  5618 | D:5      | Your scales start taking on a lurid green colour.
  5618 | D:5      | Reached XP level 7. HP: 41/50 MP: 4/13
  5618 | D:5      | Gained mutation: Your system is resistant to poisons.
                  | (rPois) [Green Draconian growth]
  5775 | D:6      | Found a radiant altar of Vehumet.
  6030 | D:5      | Reached ** piety under Sif Muna
  6059 | D:5      | Found a blossoming altar of Fedhas.
  6485 | D:4      | Found an iron altar of Okawaru.
  6509 | D:5      | Found an ornate altar of the Wu Jian Council.
  6627 | D:5      | Found the +2 ratskin cloak {+Rats rPois rN+ Str-1 Int-1
                  | Dex+1}
  6643 | D:5      | Slain by a hell rat

Levels and vault maps discovered:
D:1:      dpeg_arrival_line_fractal, layout_rooms, hangedman_glass_teeth,
          serial_bayou_pond_b, serial_bayou_ford_a
D:2:      layout_loops_ring, lemuel_coloured_pillars_altar, lemuel_round_altar
D:3:      layout_rooms, lemuel_doored_altar, nicolae_dithmenos_shadow_blocks,
          first_ration, minmay_box_of_dots
D:4:      lemuel_upstairs_altar, layout_basic, overflow_temple_1_default,
          minmay_temple_entry_stoned_glass, grunt_qazlal_clouds
D:5:      wander_guarded_unrand_ratskin, layout_cave_pods, old_standard_altar,
          fedhas_altar_4, uniq_blork_the_orc
D:6:      layout_rooms, kennysheep_mini, nicolae_overflow_crystal_walls,
          grunt_ministairs_1

Skill      XL: |  1  2  3  4  5  6  7 |
---------------+----------------------+-----
Air Magic      | 4 5 |  5.4
Charms         | 1 |  1.5
Shields        | 1 2 3 |  3.1
Spellcasting   | 3 4 |  4.5
Conjurations   | 2 3 |  3.8
Dodging        | |  1.7
Stealth        | |  1.7

Action                   |  1- 3 |  4- 6 |  7- 9 || total
-------------------------+-------+-------+-------++-------
Melee: Unarmed           |    17 |       |       ||    17
       Tailslap          |     4 |     8 |     3 ||    15
       Dagger            |     8 |    74 |    38 ||   120
 Cast: Shock             |    78 |   197 |    34 ||   309
       Airstrike         |       |       |     5 ||     5
Invok: Divine Energy     |       |     1 |       ||     1
 Abil: Breathe Noxious F |       |       |     4 ||     4
 Stab: Sleeping          |       |     2 |     2 ||     4
       Confused          |       |       |     4 ||     4
  Eat: Chunk             |     4 |    11 |     6 ||    21
Armor: Skin              |    10 |    34 |    12 ||    56
Dodge: Dodged            |    18 |    73 |    17 ||   108
Block: Buckler           |       |    31 |     7 ||    38

Table legend:
 A = Non-vault XP
 B = Vault XP
 C = Vault XP percentage of total XP
 D = Non-vault monster count
 E = Vault monster count
 F = Vault count percentage of total count
                 A         B        C        D         E       F
            +---------+---------+-------+---------+---------+-------
      Total |    1127 |      29 |   2.5 |     118 |      19 |  13.9
            +---------+---------+-------+---------+---------+-------
        D:1 |      63 |       4 |   6.0 |      28 |       4 |  12.5
        D:2 |     111 |       0 |   0.0 |      22 |       0 |   0.0
        D:3 |      72 |       5 |   6.5 |      21 |       1 |   4.5
        D:4 |     313 |       0 |   0.0 |      26 |       0 |   0.0
        D:5 |     521 |      20 |   3.7 |      19 |      14 |  42.4
        D:6 |      47 |       0 |   0.0 |       2 |       0 |   0.0
            +---------+---------+-------+---------+---------+-------
